 Dungeon Crawl Stone Soup version 0.22-a0-379-ga9d99d6 (webtiles) character file.

35 Kikal the Scratcher (level 3, -1/15 HPs)
             Began as a Felid Transmuter on Apr 28, 2018.
             Slain by a hobgoblin
             ... wielding a +0 club
              (4 damage)
             ... on level 1 of the Dungeon.
             The game lasted 00:03:27 (995 turns).

Kikal the Scratcher (Felid Transmuter)               Turns: 995, Time: 00:03:28

Health: -1/15      AC:  1    Str:  6    XL:     3   Next: 16%
Magic:  6/7        EV: 18    Int: 15    God:
Gold:   10         SH:  0    Dex: 16    Spells: 4/7 levels left
                                        Lives:  0   Deaths: 0

rFire    . . .     SeeInvis +     - Unarmed
rCold    . . .     Gourm    .   (shield unavailable)
rNeg     . . .     Faith    .   (armour unavailable)
rPois    .         Spirit   .   (helmet unavailable)
rElec    .         Reflect  .   (cloak unavailable)
rCorr    .         Harm     .   (gloves unavailable)
MR       .....                  (boots unavailable)
Stlth    ++........             (no amulet)
HPRegen  0.05/turn              (no ring)
MPRegen  0.10/turn              (no ring)

@: appendage, quick
A: very small, no armour, no weapons or thrown items, stealth, claws 1, fangs 3,
horns 2, see invisible, carnivore, speed 1, shaggy fur 1, slow metabolism 1,
sharp paws
a: End Transformation


You were on level 1 of the Dungeon.
You were completely stuffed.
You had grown temporary horns.
You visited 1 branch of the dungeon, and saw 1 of its levels.

You collected 10 gold pieces.

Inventory:

Missiles
 a - 11 arrows
Jewellery
 h - an uncursed ring of protection from fire {unknown}
Scrolls
 b - a scroll of enchant weapon {unknown}
 d - a scroll of teleportation {unknown}
 f - a scroll of identify {unknown}
 i - a scroll of remove curse {unknown}
 j - a scroll of noise {unknown}
Potions
 e - 2 potions of agility {unknown}
 k - a potion of heal wounds {unknown}
Comestibles
 c - 3 rations
 g - a chunk of flesh


   Skills:
 - Level 1.0 Fighting
 - Level 2.6 Dodging
 + Level 3.4 Unarmed Combat
 + Level 2.5 Spellcasting
 + Level 2.9 Transmutations


You had 4 spell levels left.
You knew the following spells:

 Your Spells              Type           Power        Failure   Level  Hunger
a - Beastly Appendage     Tmut           ##....       6%          1    #......
b - Sticks to Snakes      Tmut           ##......     10%         2    ###....


Dungeon Overview and Level Annotations

Branches:
Dungeon (1/15)

Altars:


Innate Abilities, Weirdness & Mutations

You cannot wear armour.
You are incapable of wielding weapons or throwing items.
Your paws allow you to move quietly. (Stealth)
You have sharp claws.
You have razor-sharp teeth.
You have supernaturally acute eyesight. (SInv)
You are carnivorous and can eat meat at any time.
You cover ground quickly.
You are covered in fur. (AC +1)
You have a slow metabolism.
Your sharp claws are effective at attacking unaware monsters.
You have a pair of horns on your head.


Message History

You scratch the frilled lizard.
You kill the frilled lizard!
The frilled lizard hisses.
MP restored: 7 Unknown command.
You grow a pair of large bovine horns.
The hobgoblin hits you with a club.
You take 1 damage, and have 5/15 hp.
You now have 6/7 mp.
You closely miss the hobgoblin. The hobgoblin completely misses you.
You scratch the hobgoblin. Your headbutt misses the hobgoblin.
The hobgoblin barely misses you.
You scratch the hobgoblin.
You kill the hobgoblin!
You scratch the hobgoblin but do no damage.
The hobgoblin hits you but does no damage.
You scratch the hobgoblin. Your headbutt misses the hobgoblin.
The hobgoblin hits you with a club.
* * * LOW HITPOINT WARNING * * *
You take 2 damage, and have 3/15 hp.
You barely miss the hobgoblin. The hobgoblin hits you with a club.
You die...

#.......................##.
#....>................ #..
..................... #.
.#................... ..
#.........#..###.... .#
####...#..#..# .... ..
###.....#...# .)
.......##...###..
......lg@?.......
≈≈....###...##### ≈≈≈..
#...# ≈≈≈l ##### ≈≈≈ ≈≈ ≈


You could see a hobgoblin and a frilled lizard.

Vanquished Creatures
  An ooze (D:1)
  2 leopard geckos (D:1)
  3 goblins (D:1)
  4 hobgoblins (D:1)
  3 jackals (D:1)
  2 bats (D:1)
  7 frilled lizards (D:1)
  3 kobolds (D:1)
  2 rats (D:1)
27 creatures vanquished.

Vanquished Creatures (collateral kills)
  A jackal (D:1)
1 creature vanquished.

Grand Total: 28 creatures vanquished

Notes
Turn   | Place    | Note
-------+----------+-------------------------------------------
     0 | D:1      | Kikal the Felid Transmuter began the quest for the Orb.
     0 | D:1      | Reached XP level 1. HP: 9/9 MP: 4/4
   471 | D:1      | Reached XP level 2. HP: 9/12 MP: 6/6
   622 | D:1      | Learned a level 2 spell: Sticks to Snakes
   975 | D:1      | Reached XP level 3. HP: 15/15 MP: 5/7
   995 | D:1      | Slain by a hobgoblin

Vault maps used:
D:1:      minmay_arrival_stair_chambers, hangedman_decor_points,
          minmay_lizard_pond

Action                   || total
-------------------------++-------
Melee: Unarmed           ||    85
       Bite              ||     2
       Headbutt          ||     3
       Punch             ||     1
 Cast: Beastly Appendage ||    10
       Sticks to Snakes  ||     1
  Eat: Chunk             ||     8
Armor: Skin              ||    12
Dodge: Dodged            ||    66

Table legend:
 A = Spawn XP
 B = Non-spawn XP
 C = Spawn XP percentage of total XP
 D = Spawn monster count
 E = Non-spawn monster count
 F = Spawn count percentage of total count
 G = Total turns spent on level
                    A         B        C        D         E        F      G
               +---------+---------+-------+---------+---------+-------+---------
         Total |       0 |      50 |   0.0 |       0 |      28 |   0.0 |   995
               +---------+---------+-------+---------+---------+-------+---------
           D:1 |       0 |      50 |   0.0 |       0 |      28 |   0.0 |   995
               +---------+---------+-------+---------+---------+-------+---------
